cohdb
Replays
Latest Replays
All Replays
Popular Replays
Top Player Replays
Match Explorer
How It Works
Community
CoH3 Stats
Reddit
Sign in to upload your games and track your stats! →
Sign in with Steam
Match 43641091
Unlisted
Match 43641091
Overview
Messages
Build Orders
End
Vickers Machine Gun Team
Vickers Machine Gun Team
Royal Engineer Section
Construct Section Command Post
ML 3-inch Mortar Team
Infantry Section
Infantry Section
Infantry Section
Construct Platoon Command Post
Construct Company Command Post
Crusader II Medium Tank
Selects Heavy Armor Battlegroup
Selects Heavy Armor Battlegroup
Selects Heavy Armor Battlegroup
Selects Light Vehicle Withdraw and Refit
Selects Radio Net
Foot Guards Section
AI Takeover
Tiedan
Abeli
huhrmit
咚咚锵
lll
anioki
GUIDED
SSFFF
0
0
Comments
sign in to comment!
No comments posted yet!